 Dungeon Crawl Stone Soup version 0.31-a0-1227-g0136665373 (webtiles) character file.

Game seed: 7304434381598474781

154 Curundu the Poker (level 5, 0/46 HPs)
             Began as a Draconian Berserker on Dec 15, 2023.
             Was a Believer of Trog.
             Slain by a gnoll
             ... wielding a +0 whip
              (5 damage)
             ... on level 3 of the Dungeon.
             The game lasted 00:07:36 (2140 turns).

Curundu the Poker (Draconian Berserker)             Turns: 2140, Time: 00:07:36

Health: 0/46       AC:  5    Str: 21    XL:     5   Next: 13%
Magic:  5/5        EV: 13    Int:  8    God:    Trog [**....]
Gold:   89         SH:  0    Dex: 16    Spells: 4/4 levels left

rFire   . . .        a - +0 spear
rCold   . . .        (no shield)
rNeg    . . .        (body armour unavailable)
rPois   .            (helmet restricted)
rElec   .            (no cloak)
rCorr   .            (no gloves)
SInv    .            (no boots)
Will    +....        (no amulet)
Stlth   ++           m - ring of willpower
HPRegen 0.27/turn    o - +6 ring of dexterity
MPRegen 0.09/turn

%: no passive effects
@: no status effects
A: AC +5, unfitting armour, cold-blooded
a: Renounce Religion, Berserk, Trog's Hand


You were on level 3 of the Dungeon.
You worshipped Trog.
Trog was pleased with you.
You visited 1 branch of the dungeon, and saw 3 of its levels.

You collected 89 gold pieces.

Inventory:

Hand Weapons
 a - a +0 spear (weapon)
Jewellery
 m - a ring of willpower (left hand)
 n - a ring of positive energy
 o - a +6 ring of dexterity (right hand)
Scrolls
 d - a scroll of identify {unknown}
 f - a scroll of summoning {unknown}
 g - 2 scrolls of revelation {unknown}
 j - 4 scrolls of teleportation {unknown}
Potions
 b - a potion of ambrosia {unknown}
 c - 2 potions of haste {unknown}
 e - 3 potions of lignification {unknown}
 h - a potion of mutation {unknown}
 i - a potion of brilliance {unknown}
 k - a potion of attraction {unknown}
 l - a potion of curing {unknown}
 p - a potion of heal wounds {unknown}


   Skills:
 + Level 4.1 Fighting
 + Level 4.5 Polearms
 + Level 3.5 Dodging
 + Level 0.7 Stealth


You had 4 spell levels left.
You didn't know any spells.
Your spell library contained the following spells:

 Spells                   Type           Power      Damage    Failure   Level
 Kiss of Death            Conj/Necr      0%         2d5       41%         1
 Magic Dart               Conj           0%         1d3       41%         1
 Call Imp                 Summ           0%         N/A       54%         2
 Confusing Touch          Hex            0%         N/A       78%         3
 Mephitic Cloud           Conj/Pois/Air  0%         N/A       78%         3
 Volatile Blastmotes      Fire/Tloc      0%         2d10      78%         3
 Dispel Undead            Necr           0%         3d6       99%         4
 Fulminant Prism          Conj/Hex       0%         3d5       99%         4
 Iskenderun's Mystic Bla  Conj/Tloc      0%         2d3       99%         4


Dungeon Overview and Level Annotations

Branches:
Dungeon (3/15)

Altars:
Ashenzari


Innate Abilities, Weirdness & Mutations

Your plain brown scales are hard. (AC +5)
You cannot fit into any form of body armour.
You are cold-blooded and may be slowed by cold attacks.


Message History

You barely miss the gnoll. The gnoll hits you with a +0 spear.
You closely miss the gnoll. You tail-slap the gnoll.
The gnoll is moderately wounded.
The gnoll hits you with a +0 spear.
You hit the gnoll but do no damage.
The gnoll is moderately wounded.
The gnoll hits you with a +0 spear!
* * * LOW HITPOINT WARNING * * *
You hit the gnoll.
The gnoll is heavily wounded.
The gnoll closely misses you.
You hit the gnoll.
The gnoll is severely wounded.
You hit the gnoll.
The gnoll is almost dead.
The gnoll misses you.
You hit the gnoll but do no damage.
The gnoll is almost dead.
The gnoll hits you but does no damage.
You hit the gnoll but do no damage.
The gnoll is almost dead.
The gnoll closely misses you.
You hit the gnoll.
You kill the gnoll!
Trog accepts your kill.
You hit the gnoll. You tail-slap the gnoll.
The gnoll is moderately wounded.
The gnoll hits you with a +0 whip.
* * * LOW HITPOINT WARNING * * *
You hit the gnoll.
The gnoll is heavily wounded.
The gnoll misses you.
You barely miss the gnoll.
Your tail-slap misses the gnoll.
The gnoll is heavily wounded.
The gnoll hits you with a +0 whip.
* * * LOW HITPOINT WARNING * * *
You barely miss the gnoll. Your punch misses the gnoll.
The gnoll is heavily wounded.
The gnoll hits you with a +0 whip.
You die...

## #### .. #
##...#######.#....
#......gg@.....#
#.#...#.#########
##.### #....# ..#
##.##...... .
#.###.## ##### .
#....## # #..#.# #
#.#.## .# #
.####.#.###########.#
###..#


You could see 2 gnolls.

Vanquished Creatures
  Jessica (D:2)
  Robin (D:2)
  2 gnolls (D:3)
  2 adders (D:2)
  4 dart slugs
  An orc (D:3)
  4 endoplasms
  15 goblins
  4 hobgoblins
  12 kobolds
  2 quokkas
  7 ball pythons
  4 bats
  5 frilled lizards
  8 rats
72 creatures vanquished.

Notes
Turn   | Place    | Note
-------+----------+-------------------------------------------
     0 | D:1      | Curundu the Draconian Berserker began the quest for the
                  | Orb.
     0 | D:1      | Reached XP level 1. HP: 19/19 MP: 1/1
   176 | D:1      | Reached XP level 2. HP: 26/26 MP: 2/2
   808 | D:1      | Found a broken altar of Ashenzari.
   846 | D:2      | Noticed Jessica
   886 | D:2      | Killed Jessica
   887 | D:2      | Reached XP level 3. HP: 19/33 MP: 3/3
  1121 | D:2      | Reached XP level 4. HP: 35/40 MP: 4/4
  1164 | D:2      | Reached ** piety under Trog
  1239 | D:2      | Noticed Robin
  1273 | D:2      | Killed Robin
  1580 | D:2      | Found a faded altar of an unknown god.
  1984 | D:3      | Identified the +1 robe of the Prince of Darkness {rC+ Will+
                  | Dex+3}
  2125 | D:3      | Reached XP level 5. HP: 24/46 MP: 5/5
  2140 | D:3      | Slain by a gnoll

Illustrated notes

Levels and vault maps discovered:
D:1:      dpeg_arrival_lava_altar, layout_loops_ring, serial_forest,
          infiniplex_forest_corner_1, infiniplex_forest_lined_3,
          infiniplex_forest_end_3, infiniplex_forest_lined_corner,
          infiniplex_forest_lined_1, infiniplex_forest_clump_medium,
          infiniplex_forest_straight_1, fountainhead, st_stairs_5
D:2:      layout_basic, shapermc_ecumenical_altar_mp_vishouse,
          minmay_small_reverse_x, uniq_jessica, uniq_robin
D:3:      layout_loops_ring, minmay_fractal_squares_5

Skill      XL: |  1  2  3  4 |
---------------+-------------+-----
Dodging        | 3 |  3.5
Fighting       | 4 |  4.1
Polearms       | 4 |  4.5
Stealth        | |  0.7

Action                     |  1- 3 |  4- 6 || total
---------------------------+-------+-------++-------
  Melee: Spear             |   102 |   126 ||   228
         Tailslap          |     8 |     9 ||    17
         Punch             |     1 |     1 ||     2
   Stab: Sleeping          |       |     1 ||     1
 Armour: Skin              |    56 |    96 ||   152
  Dodge: Dodged            |    58 |    74 ||   132

Table legend: (Time is in decaauts)
 A = Elapsed time spent in this place.
 B = Non-inter-level travel time spent in this place.
 C = Inter-level travel time spent in this place.
 D = Time resting spent in this place.
 E = Time spent auto-exploring this place.
 F = Levels seen in this place.
 G = Mean time per level.
                   A        B        C        D        E       F      G
               +--------+--------+--------+--------+--------+-----+--------+
         Total |   2118 |   2118 |      0 |      0 |   1482 |   3 |  706.0 |
       Dungeon |   2118 |   2118 |      0 |      0 |   1482 |   3 |  706.0 |
               +--------+--------+--------+--------+--------+-----+--------+

Top non-repeatable levels by time:
     D:2: 867 daAuts
     D:1: 840 daAuts
     D:3: 410 daAuts
